Map: [ESL] Site Delta

Players

Lambo - Winner!

  • Race: Zerg Zerg
  • Spawn Location: 5:00

NightPhoenix

  • Race: Protoss Protoss
  • Spawn Location: 11:00

Event: ESL SC2 Masters 2024 Spring (Regional)

VOD

Have the link to the VOD?

Description

Time

  • Played on: April 21, 2024, 8:50 a.m.
  • Length: 13:02

All games in this series

Show
View Real Time Build Order
Export as new Build Order

Lambo Zerg - Winner!

Build Orders: Hatch First 

Get SALT Encoding   

  12  0:00  Drone  
  13  0:12  Overlord  
  13  0:17  Drone  
  14  0:30  Drone x2  
  16  0:48  Hatchery  
  15  0:51  Drone  
  15  0:54  Drone  
  17  0:57  Drone  
  18  1:08  Extractor  
  17  1:12  Spawning Pool  
  17  1:15  Drone  
  17  1:20  Drone  
  18  1:28  Drone  
  19  1:38  Drone  
  20  1:49  Drone  
  21  2:00  Zergling x2, Queen x2  
  26  2:02  Overlord  
  26  2:09  Metabolic Boost  
  26  2:11  Drone  
  26  2:14  Drone  
  28  2:21  Drone  
  28  2:22  Drone  
  30  2:32  Drone x2  
  32  2:40  Hatchery  
  31  2:46  Queen  
  31  2:49  Overlord  
  33  2:53  Zergling x2  
  33  2:54  Zergling x2  
  33  2:56  Zergling x2  
  36  3:07  Queen  
  36  3:09  Overlord  
  36  3:10  Drone  
  36  3:12  Drone  
  40  3:14  Drone  
  40  3:17  Overlord  
  41  3:20  Drone x2  
  41  3:24  Evolution Chamber  
  42  3:31  Spore Crawler  
  42  3:33  Drone x2  
  42  3:39  Drone x2, Queen  
  46  3:47  Queen  
  48  3:48  Drone x3  
  48  3:52  Overlord  
  51  3:56  Overlord  
  51  3:58  Drone  
  51  4:00  Spore Crawler  
  51  4:05  Spore Crawler, Drone  
  51  4:09  Overlord  
  51  4:10  Drone  
  51  4:12  Drone x2  
  51  4:15  Drone  
  55  4:18  Overlord  
  55  4:20  Drone x2  
  55  4:24  Drone  
  58  4:25  Drone x2  
  58  4:27  Overlord  
  60  4:34  Overlord  
  60  4:37  Drone x2  
  58  4:40  Drone x3  
  58  4:41  Drone x2  
  58  4:43  Drone  
  58  4:44  Drone  
  63  4:48  Drone  
  63  4:53  Zergling x4  
  63  4:56  Drone x3, Extractor  
  67  5:01  Zergling x4  
  67  5:02  Roach Warren  
  67  5:04  Drone  
  69  5:07  Drone  
  69  5:09  Zergling x6  
  73  5:20  Drone x5  
  77  5:23  Lair  
  77  5:27  Drone x3  
  78  5:29  Evolution Chamber  
  77  5:36  Overlord  
  77  5:38  Drone x7  
  77  5:40  Extractor  
  77  5:42  Extractor  
  82  5:44  Hatchery  
  82  5:48  Drone x2  
  82  5:49  Overlord  
  83  5:56  Zerg Missile Weapons Level 1  
  80  5:57  Roach x4  
  80  5:59  Extractor  
  80  6:02  Drone  
  80  6:03  Spore Crawler  
  87  6:05  Zergling x10  
  87  6:11  Overlord  
  92  6:14  Zergling x12  
  92  6:15  Overlord  
  92  6:17  Overlord  
  96  6:27  Overseer  
  96  6:28  Glial Reconstitution  
  96  6:29  Queen  
  96  6:30  Baneling Nest  
  98  6:32  Zergling x2  
  98  6:33  Zergling x10  
  98  6:35  Roach  
  98  6:38  Roach x2  
  98  6:39  Roach  
  111  6:41  Hydralisk Den  
  111  6:42  Roach  
  111  6:46  Roach  
  111  6:47  Roach x2  
  119  6:49  Queen  
  119  6:52  Roach x2  
  126  6:54  Roach  
  122  7:03  Roach x4  
  122  7:07  Drone x3  
  133  7:09  Overlord  
  133  7:11  Grooved Spines  
  131  7:17  Drone x6  
  131  7:20  Drone x2  
  134  7:30  Drone  
  134  7:31  Drone x3  
  134  7:36  Hydralisk x5, Extractor  
  145  7:47  Hatchery  
  145  7:48  Hydralisk x2  
  148  7:53  Spine Crawler  
  148  7:55  Hydralisk x2  
  148  7:58  Hydralisk  
  151  8:04  Overlord  
  153  8:07  Overlord x2  
  153  8:08  Overlord  
  153  8:10  Overlord  
  153  8:12  Overlord  
  153  8:16  Overlord  
  153  8:22  Hydralisk x4  
  153  8:26  Hydralisk  
  153  8:27  Hydralisk  
  161  8:29  Pneumatized Carapace  
  161  8:32  Zerg Missile Weapons Level 2  
  165  8:34  Hydralisk  
  165  8:39  Hydralisk x2  
  171  8:42  Hydralisk  
  173  8:48  Hydralisk  
  173  8:49  Hydralisk x2  
  173  8:53  Hydralisk  
  181  8:56  Ravager x4  
  181  9:00  Roach x2  
  184  9:03  Overseer  
  184  9:06  Overseer  
  184  9:07  Roach  
  184  9:09  Queen x2  
  189  9:17  Hydralisk x3  
  189  9:20  Overseer  
  195  9:44  Hydralisk x3  
  195  9:45  Roach  
  198  9:48  Overseer x2  
  198  9:52  Roach x4  
  198  9:53  Roach x4  
  198  9:58  Evolution Chamber  
  179  10:04  Roach x10  
  190  10:14  Hydralisk x3  
  193  10:23  Hydralisk  
  193  10:24  Drone  
  193  10:37  Hydralisk x3  
  195  10:47  Overseer x3  
  189  10:53  Hydralisk x4  
  197  10:59  Hatchery  
  191  11:09  Overlord  
  191  11:11  Hydralisk x4  
  186  11:17  Infestation Pit  
  193  11:24  Hydralisk x4  
  176  11:33  Hydralisk x3  
  158  11:53  Drone x7  
  158  11:54  Queen x2  
  157  11:55  Overseer x3  
  157  11:59  Queen  
  157  12:00  Hydralisk  
  157  12:09  Hydralisk x3  
  155  12:18  Queen  
  150  12:27  Drone x7  
  150  12:29  Extractor  
  152  12:30  Extractor  
  152  12:35  Hydralisk x2  
Show
View Real Time Build Order
Export as new Build Order

NightPhoenix Protoss 

Build Orders: 1 Gate Expand, Oracle Opening 

Get SALT Encoding   

  12  0:00  Probe  
  13  0:12  Probe  
  14  0:19  Pylon  
  14  0:24  Probe  
  15  0:37  Probe (Chrono Boost)  
  15  0:38  Gateway  
  16  0:48  Assimilator  
  16  0:49  Probe (Chrono Boost)  
  17  0:53  Probe (Chrono Boost)  
  18  1:04  Probe  
  19  1:11  Pylon  
  19  1:16  Probe  
  20  1:27  Nexus  
  20  1:35  Cybernetics Core  
  20  1:38  Probe  
  21  1:45  Assimilator  
  21  1:50  Probe  
  22  1:54  Pylon  
  22  2:02  Probe  
  23  2:09  Adept (Chrono Boost)  
  23  2:14  Probe  
  26  2:16  Stargate  
  26  2:25  Warp Gate  
  26  2:26  Probe  
  27  2:30  Adept (Chrono Boost)  
  29  2:40  Probe (Chrono Boost)  
  29  2:43  Probe (Chrono Boost)  
  30  2:49  Probe (Chrono Boost)  
  32  2:52  Stalker  
  32  2:53  Probe (Chrono Boost)  
  32  2:54  Probe (Chrono Boost)  
  35  3:03  Probe  
  36  3:06  Oracle  
  36  3:07  Probe  
  40  3:15  Pylon, Probe  
  42  3:20  Probe  
  42  3:26  Gateway  
  42  3:27  Probe  
  41  3:35  Pylon, Probe  
  41  3:39  Probe  
  41  3:40  Oracle (Chrono Boost)  
  43  3:47  Probe  
  47  3:51  Probe  
  48  4:00  Nexus  
  48  4:01  Probe  
  49  4:03  Probe  
  50  4:10  Oracle  
  50  4:14  Probe, Adept  
  50  4:15  Probe  
  57  4:23  Assimilator  
  57  4:25  Assimilator  
  57  4:26  Pylon, Twilight Council  
  57  4:30  Probe x2  
  59  4:38  Adept  
  61  4:46  Pylon  
  61  4:47  Pylon, Oracle  
  61  4:49  Gateway  
  61  4:50  Gateway  
  61  4:57  Pylon  
  61  4:58  Charge (Chrono Boost)  
  61  4:59  Probe  
  65  5:01  Probe  
  66  5:11  Probe  
  66  5:13  Probe  
  68  5:14  Gateway  
  68  5:15  Probe  
  69  5:23  Probe  
  69  5:25  Oracle  
  69  5:26  Probe  
  69  5:27  Probe  
  69  5:35  Probe, Gateway  
  70  5:38  Adept x2  
  70  5:42  Probe x2  
  75  5:45  Pylon  
  75  5:47  Probe  
  75  5:48  Zealot  
  75  5:49  Zealot  
  80  5:53  Oracle  
  79  6:01  Zealot x2  
  86  6:05  Pylon  
  86  6:09  Zealot x3  
  92  6:23  Zealot x2  
  92  6:25  Probe x2, Shield Battery  
  97  6:26  Probe  
  97  6:32  Zealot x4  
  107  6:38  Fleet Beacon  
  107  6:40  Probe  
  107  6:41  Probe  
  109  6:50  Stargate  
  109  6:51  Probe  
  109  6:52  Probe  
  111  7:01  Protoss Air Weapons Level 1 (Chrono Boost)  
  111  7:05  Zealot x5  
  111  7:06  Zealot, Probe x2  
  121  7:12  Pylon  
  121  7:14  Pylon  
  119  7:32  Mothership (Chrono Boost), Stalker x6  
  131  7:40  Assimilator  
  131  7:42  Assimilator  
  131  7:43  Pylon  
  137  7:57  Pylon  
  137  7:58  Carrier (Chrono Boost)  
  137  7:59  Pylon  
  137  8:05  Carrier (Chrono Boost)  
  143  8:07  Shield Battery  
  143  8:10  Shield Battery  
  143  8:12  Probe x2  
  145  8:13  Shield Battery  
  145  8:30  Stargate  
  145  8:31  Pylon  
  147  8:34  Probe (Chrono Boost)  
  147  8:35  Probe (Chrono Boost)  
  147  8:37  Stargate  
  147  8:43  Forge  
  147  8:44  Stalker x2  
  147  8:45  Probe (Chrono Boost)  
  152  8:49  Zealot  
  152  8:50  Zealot x3  
  160  8:56  Carrier  
  166  9:04  Carrier  
  172  9:18  Photon Cannon  
  172  9:29  Pylon, Nexus  
  169  9:38  Carrier  
  167  9:45  Stalker x3  
  167  9:48  Stalker x3  
  144  10:12  Stalker x5  
  136  10:23  Tempest  
  136  10:24  Tempest  
  119  10:51  Tempest  
  124  10:57  Zealot x3  
  124  10:58  Zealot  
  118  11:35  Pylon  
  104  11:48  Pylon  
  104  11:49  Pylon  
Tags
 
Add a new tag
Caveats
  • Supply blocks, unpowered buildings, or Contaminate may cause inaccurate times.
  • Supply counts are checked every 10 seconds.